 Seeded DCSS version 0.29-a0-284-gf9362112df (webtiles) character file.

Game seed: 10280712991196613600 (custom seed)

144 bwicke the Covert (level 5, -2/24 HPs)
             Began as a Spriggan Enchanter on Mar 31, 2022.
             Slain by a scorpion (6 damage)
             ... on level 3 of the Dungeon.
             The game lasted 00:06:35 (2265 turns).

bwicke the Covert (Spriggan Enchanter)              Turns: 2265, Time: 00:06:35

Health: -2/24      AC:  2    Str: 12    XL:     5   Next: 5%
Magic:  5/10       EV: 17    Int: 18    God:
Gold:   50         SH:  0    Dex: 16    Spells: 4/9 levels left

rFire   . . .      SeeInvis +   n - +9 dagger "Killer Bee's Doom" {vorpal, *Slow rElec rPois Str+8}
rCold   . . .      Faith    .   (no shield)
rNeg    . . .      Spirit   .   b - +0 robe
rPois   +          Reflect  .   (helmet restricted)
rElec   +          Harm     .   (no cloak)
rCorr   .          Rampage  .   (gloves unavailable)
Will    .....                   (boots unavailable)
Stlth   ++++......              (no amulet)
HPRegen 0.08/turn               (no ring)
MPRegen 0.12/turn               (no ring)

@: confusing by touch, very quick
A: very small, no large weapons, unfitting armour, see invisible, speed 3
a: no special abilities


You were on level 3 of the Dungeon.
You visited 1 branch of the dungeon, and saw 4 of its levels.

You collected 50 gold pieces.

Inventory:

Hand Weapons
 a - a +1 dagger
 e - a +0 scimitar
 n - the +9 dagger "Killer Bee's Doom" (weapon) {vorpal, *Slow rElec rPois Str+8}
   (You found it on level 3 of the Dungeon)

   It inflicts extra damage upon your enemies.
   Str:       It affects your strength (+8).
   rElec:     It insulates you from electricity.
   rPois:     It protects you from poison.
   *Slow:     It may slow you when you take damage.
Missiles
 k - 29 stones (quivered)
Armour
 b - a +0 robe (worn)
Wands
 f - a wand of charming (5)
Scrolls
 d - a scroll of torment {unknown}
 i - a scroll of summoning {unknown}
 j - 3 scrolls of identify {unknown}
 l - a scroll of magic mapping {unknown}
 m - a scroll of teleportation {unknown}
 o - a scroll of immolation {unknown}
Potions
 c - a potion of invisibility
 g - 2 potions of might {unknown}
 h - a potion of magic {unknown}


   Skills:
 - Level 1.4 Short Blades
 - Level 3.0 Dodging
 + Level 8.3 Stealth
 - Level 2.9 Spellcasting
 - Level 3.8 Hexes


You had 4 spell levels left.
You knew the following spells:

 Your Spells              Type           Power      Damage    Failure   Level
a - Ensorcelled Hibernat  Hex/Ice        18%        N/A       12%         2
b - Confusing Touch       Hex            16%        N/A       10%         3

Your spell library contained the following spells:

 Spells                   Type           Power      Damage    Failure   Level
 Tukima's Dance           Hex            16%        N/A       10%         3
 Dazzling Flash           Conj/Hex       18%        N/A       22%         3


Dungeon Overview and Level Annotations

Branches:
Dungeon (4/15)
 Temple: D:4-7

Altars:
Uskayaw
Vehumet
Yredelemnul


Innate Abilities, Weirdness & Mutations

You are very small and have problems with some larger weapons.
You are too small for most types of armour.
You have supernaturally acute eyesight. (SInv)
You cover ground extremely quickly. (Speed+++)


Message History

You climb upwards.
There is a stone staircase leading down here.
Done exploring.
(D) Dungeon
Where to? (Enter - D:4, ? - help)
You climb downwards.
The scorpion barely misses you. The gnoll closely misses you.
The jackal completely misses you. The gnoll hits you but does no damage.
A jackal comes into view.
The scorpion barely misses you.
There is a stone staircase leading up here.
The gnoll shouts!
The jackal bites you. The jackal closely misses you.
The gnoll hits you from afar with a +0 halberd!
Ouch! That really hurt!
The gnoll misses you. The scorpion closely misses you.
You climb upwards.
There is a stone staircase leading down here.
Casting: Ensorcelled Hibernation (safe; 12% risk of failure)
Confirm with . or Enter, or press ? or * to list all spells.
The spell is quite dangerous to miscast (10% risk of failure)!
Continue anyway?
Your hands begin to glow red.
You completely miss the jackal. The jackal bites you. x2
* * * LOW HITPOINT WARNING * * *
You hit the jackal but do no damage.
The jackal appears confused.
The jackal barely misses you.
You puncture the jackal!
You kill the jackal!
You hit the jackal.
You kill the jackal!
Casting: Confusing Touch (quite dangerous; 10% risk of failure)
Confirm with . or Enter, or press ? or * to list all spells.
The spell is quite dangerous to miscast (10% risk of failure)!
Continue anyway?
Your hands begin to glow red.
You hit the scorpion but do no damage. The scorpion stings you.
* * * LOW HITPOINT WARNING * * *
You hit the scorpion but do no damage. The scorpion stings you.
* * * LOW HITPOINT WARNING * * *
You hit the scorpion but do no damage. The scorpion stings you.
You die...

### #.# ### #.# #.# #.# #.#
#.# #.# #.# #.# ### #.# #@#
### #.# #.# #s# #.# #.#
#.#########g# #.####.##
#...........# ####.#......
#.......###.#####.........##
#.............s.g.........##
#.#####.###.#####.##.#.#..##
#.# #.###+### #.##.#.#..##
#.# #.#.....# #.##......##


You could see a scorpion and a gnoll.

Vanquished Creatures
  A scorpion (D:3)
  2 adders (D:2)
  4 gnolls (D:3)
  A dart slug (D:2)
  3 ball pythons (D:2)
  2 giant cockroaches (D:3)
  3 hobgoblins
  2 jackals (D:3)
  3 kobolds
  2 frilled lizards
  2 goblins
  2 rats
27 creatures vanquished.

Notes
Turn   | Place    | Note
-------+----------+-------------------------------------------
     0 | D:1      | bwicke the Spriggan Enchanter began the quest for the Orb.
     0 | D:1      | Reached XP level 1. HP: 9/9 MP: 5/5
   323 | D:1      | You fall into a shaft and drop 1 floor!
   344 | D:2      | Found a faded altar of an unknown god.
   356 | D:2      | Reached XP level 2. HP: 13/13 MP: 6/6
   361 | D:2      | Reached skill level 5 in Stealth
   466 | D:2      | Reached XP level 3. HP: 16/16 MP: 8/8
   578 | D:2      | Found a radiant altar of Vehumet.
   968 | D:3      | Learned a level 2 spell: Ensorcelled Hibernation
   972 | D:3      | Learned a level 3 spell: Confusing Touch
   998 | D:3      | Found a basalt altar of Yredelemnul.
  1113 | D:3      | Reached skill level 6 in Stealth
  1236 | D:3      | Reached skill level 7 in Stealth
  1236 | D:3      | Reached XP level 4. HP: 5/21 MP: 1/9
  1670 | D:3      | Noticed a scorpion
  1677 | D:3      | Killed a scorpion
  1678 | D:3      | Reached skill level 8 in Stealth
  1678 | D:3      | Reached XP level 5. HP: 24/24 MP: 6/10
  1896 | D:3      | Identified the +9 dagger "Killer Bee's Doom" {vorpal, *Slow
                  | rElec rPois Str+8}
  2232 | D:4      | Found a hide-covered altar of Uskayaw.
  2265 | D:3      | Slain by a scorpion

Illustrated notes

Levels and vault maps discovered:
D:1:      saegor_arrival_simple_d, layout_loops_ring
D:2:      layout_loops_cross, nicolae_ecumenical_snake_handling, basic_altar,
          serial_bayou_lagoon_a
D:3:      layout_basic, mainiacjoe_overflow_brackets
D:4:      layout_rooms, lemuel_tele_altar, eat_drink_and_be_merry_uskayaw,
          minmay_temple_entry_sparse_star, uniq_menkaure

Skill      XL: |  1  2  3  4 |
---------------+-------------+-----
Dodging        | 3 |  3.0
Stealth        | 5 7 8 |  8.3
Short Blades   | |  1.4
Spellcasting   | |  2.9
Hexes          | |  3.8

Action                   |  1- 3 |  4- 6 || total
-------------------------+-------+-------++-------
Melee: Dagger            |    87 |    15 ||   102
 Cast: Confusing Touch   |     6 |     3 ||     9
       Ensorcelled Hiber |       |     4 ||     4
  Use: Potion            |     1 |       ||     1
 Stab: Sleeping          |     3 |     3 ||     6
       Invisible         |     2 |       ||     2
       Confused          |     4 |     2 ||     6
Armor: Robe              |     4 |     2 ||     6
Dodge: Dodged            |    46 |     9 ||    55

Table legend: (Time is in decaauts)
 A = Elapsed time spent in this place.
 B = Non-inter-level travel time spent in this place.
 C = Inter-level travel time spent in this place.
 D = Time resting spent in this place.
 E = Time spent auto-exploring this place.
 F = Levels seen in this place.
 G = Mean time per level.
                   A        B        C        D        E       F      G
               +--------+--------+--------+--------+--------+-----+--------+
         Total |   1690 |   1661 |     29 |     48 |   1288 |   4 |  422.5 |
       Dungeon |   1690 |   1661 |     29 |     48 |   1288 |   4 |  422.5 |
               +--------+--------+--------+--------+--------+-----+--------+

Top non-repeatable levels by time:
     D:3: 984 daAuts
     D:2: 428 daAuts
     D:1: 273 daAuts
     D:4: 4 daAuts
